 Dungeon Crawl Stone Soup version 0.26-a0-27-g1f0226971c (webtiles) character file.

Game seed: 18148401104588050021, levelgen mode: deterministic

602 vurker the Digger (level 7, -5/45 HPs)
             Began as an Octopode Earth Elementalist on May 27, 2020.
             Killed by divine providence
             ... invoked by an orc priest
              (12 damage)
             ... on level 8 of the Dungeon.
             The game lasted 00:07:34 (4698 turns).

vurker the Digger (Octopode Earth Elementalist)     Turns: 4698, Time: 00:07:34

Health: -5/45      AC:  1    Str:  8    XL:     7   Next: 41%
Magic:  12/13      EV: 13    Int: 19    God:
Gold:   123        SH:  0    Dex: 12    Spells: 8/14 levels left

rFire    . . .     SeeInvis .   f - +2 spear (venom)
rCold    . . .     Gourm    .   (no shield)
rNeg     + + .     Faith    .   (helmet restricted)
rPois    .         Spirit   .   (no amulet)
rElec    .         Reflect  .   l - ring of positive energy (curse)
rCorr    .         Harm     .   g - ring of positive energy
MR       .....                  (no ring)
Stlth    +++.......             (no ring)
HPRegen  0.15/turn              (no ring)
MPRegen  0.13/turn              (no ring)
                                (no ring)
                                (no ring)

@: no status effects
A: almost no armour, stealthy swim, amphibious, 8 rings, constrict 8, camouflage
1, gelatinous body 1
a: no special abilities


You were on level 8 of the Dungeon.
You were not hungry.

You visited 1 branch of the dungeon, and saw 6 of its levels.

You collected 123 gold pieces.

Inventory:

Hand Weapons
 f - a +2 spear of venom (weapon)
   (You took it off a goblin on level 2 of the Dungeon)
Missiles
 b - 129 stones (quivered)
 j - 2 throwing nets
Jewellery
 g - a ring of positive energy (right tentacle)
   (You found it on level 6 of the Dungeon)
 l - a cursed ring of positive energy (left tentacle)
   (You found it on level 2 of the Dungeon)
Scrolls
 c - a scroll of enchant weapon {unknown}
 i - a scroll of blinking {unknown}
 k - a scroll of immolation {unknown}
 m - 4 scrolls of identify {unknown}
 o - a scroll of magic mapping {unknown}
 p - a scroll of teleportation {unknown}
Potions
 a - a potion of heal wounds {unknown}
 d - a potion of cancellation {unknown}
 h - a potion of flight {unknown}
 n - a potion of brilliance {unknown}
Comestibles
 e - 2 rations
 q - 3 chunks of flesh


   Skills:
 + Level 2.8 Fighting
 - Level 2.0 Dodging
 - Level 2.6 Stealth
 * Level 4.3 Spellcasting
 + Level 2.1 Conjurations
 + Level 2.6 Transmutations
 * Level 5.2 Earth Magic


You had 8 spell levels left.
You knew the following spells:

 Your Spells              Type           Power        Failure   Level  Hunger
a - Sandblast             Erth           ###...       1%          1    None
b - Stone Arrow           Conj/Erth      ###...       9%          3    ###....
q - Passwall              Tmut/Erth      ###.....     4%          2    #......

Your spell library contained the following spells:

 Spells                   Type           Power        Failure   Level  Hunger
 Petrify                  Tmut/Erth      ###.....     26%         4    ####...
 Lee's Rapid Deconstruct  Erth           ###.......   41%         5    ######.


Dungeon Overview and Level Annotations

Branches:
Dungeon (9/15)
 Temple: D:4-7         Lair: D:8-11         Orc: D:9-12

Altars:
Cheibriados
Gozag
Kikubaaqudgha
Makhleb
Nemelex Xobeh
Qazlal


Innate Abilities, Weirdness & Mutations

You cannot wear most types of armour.
You are very stealthy in the water. (Stealth+)
You are amphibious.
You can wear up to eight rings at the same time.
You can use your tentacles to constrict eight enemies at once.
Your skin changes colour to match your surroundings (Stealth+).
Your rubbery body absorbs attacks. (AC +1, EV +1)


Message History

There is a stone staircase leading down here.
A worker ant comes into view.
Found a ration.
An orc wizard comes into view. It is wielding a +0 dagger.
Found a blackened sapphire amulet.
An orc comes into view.
Attack whom?
Aim: a worker ant (asleep)
You reach to attack!
The helpless worker ant fails to defend itself.
You hit the worker ant.
The worker ant is poisoned.
You kill the worker ant!
The orc wizard is too close now for your liking.
The orc wizard shouts!
An orc priest comes into view. It is wielding a +0 flail.
The orc wizard points at you and mumbles some strange words.
The puff of frost hits you!
An orc comes into view. It is wielding a +0 dagger.
The orc shouts!
The orc priest shouts!
Found a stone staircase leading down.
An orc priest comes into view. It is wielding a +0 trident.
The orc shouts!
You closely miss the orc.
The orc priest shouts!
Your grab misses the orc.
The orc priest invokes the aid of Beogh against you.
Beogh smites you!
The orc wizard gestures at you while chanting.
The puff of frost hits you.
* * * LOW HITPOINT WARNING * * *
Aim: an orc The blast of sand hits the orc!
You kill the orc!
b - 129 stones Attack whom?
Aim: an orc priest, wielding a +0 flail The orc is in the way.
You hit the orc.
The orc is poisoned.
Your grab misses the orc. Your squeeze misses the orc.
The orc priest invokes the aid of Beogh against you.
Beogh smites you!
* * * LOW HITPOINT WARNING * * *
The orc wizard barely misses you.
You hit the orc.
You kill the orc!
The orc wizard hits you but does no damage.
You hit the orc priest. Your grab misses the orc priest.
The orc priest barely misses you.
The orc priest mumbles some strange prayers to Beogh against you.
Beogh smites you!
You die...

##..... #......
.>.... ....####
...# ...##.#
.".#.
o....##..... #.
##oo.%.......
..##.@).........
#..#............
#..............
#..........(#
##..........# .
#.#......#.#
..#.#.....## ..
#........## .
.#.........#


You could see 2 orc priests and an orc wizard.

Vanquished Creatures
  A hungry ghost (D:9)
  A sky beast (D:9)
  A scorpion (D:6)
  A gnoll shaman (D:3)
  2 worker ants
  A hound zombie (D:9)
  A worker ant zombie (D:6)
  4 adders
  11 gnolls (D:3)
  An adder zombie (D:6)
  A dart slug (D:1)
  2 worms (D:2)
  4 leopard geckos (D:1)
  2 orcs (D:8)
  3 giant cockroaches
  5 goblins
  3 hobgoblins (D:2)
  17 jackals
  4 quokkas
  A ball python (D:2)
  4 bats
  4 frilled lizards
  6 kobolds
  7 rats
87 creatures vanquished.

Notes
Turn   | Place    | Note
-------+----------+-------------------------------------------
     0 | D:1      | vurker the Octopode Earth Elementalist began the quest for
                  | the Orb.
     0 | D:1      | Reached XP level 1. HP: 11/11 MP: 3/3
     7 | D:1      | Found a sparkling altar of Nemelex Xobeh.
   307 | D:1      | Reached XP level 2. HP: 18/18 MP: 5/5
  1094 | D:1      | Reached XP level 3. HP: 19/22 MP: 6/6
  1362 | D:2      | Reached skill level 1 in Fighting
  1942 | D:2      | Reached XP level 4. HP: 26/28 MP: 8/8
  2140 | D:2      | Learned a level 3 spell: Stone Arrow
  2143 | D:2      | Learned a level 2 spell: Passwall
  2396 | D:2      | Found an ancient bone altar of Kikubaaqudgha.
  2465 | D:3      | Reached skill level 4 in Earth Magic
  2638 | D:3      | Found a stormy altar of Qazlal.
  2704 | D:3      | Reached XP level 5. HP: 34/34 MP: 9/9
  3455 | D:3      | Reached skill level 1 in Conjurations
  3733 | D:3      | Reached XP level 6. HP: 31/39 MP: 8/11
  3865 | D:3      | Found a snail-covered altar of Cheibriados.
  3870 | D:3      | Found a burning altar of Makhleb.
  3907 | D:3      | Found a faded altar of an unknown god.
  3992 | D:3      | You fall into a shaft and drop 3 floors!
  4239 | D:6      | Found an opulent altar of Gozag.
  4299 | D:6      | Found a sparkling altar of Nemelex Xobeh.
  4376 | D:6      | You fall into a shaft and drop 3 floors!
  4424 | D:9      | Noticed a sky beast
  4440 | D:9      | Killed a sky beast
  4489 | D:9      | Noticed a troll
  4537 | D:9      | Noticed a hungry ghost
  4552 | D:9      | Killed a hungry ghost
  4552 | D:9      | Reached skill level 5 in Earth Magic
  4552 | D:9      | Reached XP level 7. HP: 39/45 MP: 4/13
  4698 | D:8      | Killed from afar by an orc priest

Illustrated notes

Levels and vault maps discovered:
D:1:      minmay_arrival_three_doors, layout_basic, serial_curves,
          eino_curves_02, eino_curves_01, chequers_serial_rivers_room_a,
          nemelex_xobeh_ov_fountains_minmay
D:2:      layout_rooms, old_standard_altar
D:3:      lemuel_castle_with_subvaults [lemuel_castle_interior_original],
          layout_loops_ring, cheibriados_altar_1, lemuel_round_altar,
          old_standard_altar, lemuel_crystal_altar,
          chequers_ecumenical_altar_island, first_ration, xom_redecorated
D:6:      lemuel_ice_spiral_2, layout_basic, lemuel_crystal_altar,
          lemuel_round_altar, nicolae_tso_swordbearing_angel,
          cheibrodos_sewer_entry_drain
D:8:      layout_cave_pools, old_standard_altar
D:9:      layout_long_grid, overflow_temple_1_default, basic_altar,
          david_nohive_1, uniq_grum

Skill      XL: |  1  2  3  4  5  6 |
---------------+-------------------+-----
Fighting       | 1 2 |  2.8
Spellcasting   | 3 4 |  4.3
Earth Magic    | 4 5 |  5.2
Conjurations   | 1 2 |  2.1
Transmutations | 2 |  2.6
Dodging        | |  2.0
Stealth        | |  2.6

Action                   |  1- 3 |  4- 6 |  7- 9 || total
-------------------------+-------+-------+-------++-------
Melee: Unarmed           |    16 |       |       ||    16
       Constrict         |    16 |    19 |       ||    35
       Tentacles         |     7 |     9 |       ||    16
       Dagger            |    29 |       |       ||    29
       Short sword       |     7 |       |       ||     7
       Spear             |     8 |   126 |     7 ||   141
 Cast: Sandblast         |    20 |    18 |     2 ||    40
  Use: Potion            |     1 |       |       ||     1
 Stab: Sleeping          |     7 |    11 |     1 ||    19
  Eat: Chunk             |     3 |     4 |       ||     7
       Ration            |       |     1 |     1 ||     2
Armor: Skin              |     8 |     7 |       ||    15
Dodge: Dodged            |    55 |    65 |     2 ||   122

Table legend:
 A = Non-vault XP
 B = Vault XP
 C = Vault XP percentage of total XP
 D = Non-vault monster count
 E = Vault monster count
 F = Vault count percentage of total count
                 A         B        C        D         E       F
            +---------+---------+-------+---------+---------+-------
      Total |     636 |     224 |  26.0 |      61 |      26 |  29.9
            +---------+---------+-------+---------+---------+-------
        D:1 |      36 |       0 |   0.0 |      18 |       0 |   0.0
        D:2 |      78 |       0 |   0.0 |      24 |       0 |   0.0
        D:3 |      24 |     224 |  90.3 |       8 |      26 |  76.5
        D:6 |      92 |       0 |   0.0 |       3 |       0 |   0.0
        D:8 |      40 |       0 |   0.0 |       3 |       0 |   0.0
        D:9 |     366 |       0 |   0.0 |       5 |       0 |   0.0
            +---------+---------+-------+---------+---------+-------
